 Dungeon Crawl Stone Soup version 0.28.0 (webtiles) character file.

Game seed: 17601240052436726009

71 SnakkuSnakku7 the Digger (level 4, -6/24 HPs)
             Began as a Tengu Earth Elementalist on Feb 9, 2022.
             Mangled by a hobgoblin (8 damage)
             ... on level 2 of the Dungeon.
             The game lasted 00:04:46 (2262 turns).

SnakkuSnakku7 the Digger (Tengu Earth Elementalist) Turns: 2262, Time: 00:04:46

Health: -6/24      AC:  2    Str:  8    XL:     4   Next: 24%
Magic:  1/8        EV: 12    Int: 17    God:
Gold:   95         SH:  0    Dex: 15    Spells: 6/7 levels left

rFire   . . .      SeeInvis .   f - +0 short sword
rCold   . . .      Faith    .   (no shield)
rNeg    . . .      Spirit   .   b - +0 robe
rPois   .          Reflect  .   (helmet restricted)
rElec   .          Harm     .   (no cloak)
rCorr   +          Rampage  .   (no gloves)
Will    +....                   (boots unavailable)
Stlth   ++........              (no amulet)
HPRegen 0.08/turn               d - ring of willpower
MPRegen 0.11/turn               k - ring of resist corrosion

@: no status effects
A: beak, talons 3
a: no special abilities


You were on level 2 of the Dungeon.
You visited 1 branch of the dungeon, and saw 3 of its levels.

You collected 95 gold pieces.

Inventory:

Hand Weapons
 f - a +0 short sword (weapon)
Missiles
 c - 40 stones
 h - 6 curare-tipped darts
Armour
 b - a +0 robe (worn)
Jewellery
 d - a ring of willpower (left hand)
 k - a ring of resist corrosion (right hand)
Scrolls
 a - 2 scrolls of magic mapping {unknown}
 e - a scroll of blinking {unknown}
 g - a scroll of identify {unknown}
 i - a scroll of fog {unknown}
 l - a scroll of holy word {unknown}
Potions
 j - a potion of ambrosia {unknown}


   Skills:
 + Level 2.6 Crossbows
 - Level 2.1 Dodging
 - Level 2.0 Stealth
 - Level 2.0 Spellcasting
 - Level 0.7 Transmutations
 - Level 3.1 Earth Magic


You had 6 spell levels left.
You knew the following spells:

 Your Spells              Type           Power      Damage    Failure   Level
a - Sandblast             Erth           24%        2d8       5%          1

Your spell library contained the following spells:

 Spells                   Type           Power      Damage    Failure   Level
 Passwall                 Tmut/Erth      6%         N/A       14%         2
 Stone Arrow              Conj/Erth      12%        3d7       30%         3
 Petrify                  Tmut/Erth      8%         N/A       65%         4


Dungeon Overview and Level Annotations

Branches:
Dungeon (3/15)

Altars:

Shops:
D:1 =   D:2 *(=*

Annotations:
D:2 Terence
D:3 crazypyro's ghost, amateur MiFi


Innate Abilities, Weirdness & Mutations

You have a beak for a mouth.
You have claws for feet.


Message History

Press: ? - help, Q - select action, (/) - cycle Shift-Dir - straight line, f/p - hobgoblin
Aim: a hobgoblin, wielding a +0 club, wearing a +0 ring mail and quivering stones (82% to hit)
The blast of sand hits the hobgoblin but does no damage.
The hobgoblin barely misses you.
Aiming: Sandblast (safe; 5% risk of failure)
Press: ? - help, Q - select action, (/) - cycle Shift-Dir - straight line, f/p - hobgoblin
Aim: a hobgoblin, wielding a +0 club, wearing a +0 ring mail and quivering stones (82% to hit)
The blast of sand hits the hobgoblin but does no damage.
The hobgoblin closely misses you.
Aiming: Sandblast (safe; 5% risk of failure)
Press: ? - help, Q - select action, (/) - cycle Shift-Dir - straight line, f/p - hobgoblin
Aim: a hobgoblin, wielding a +0 club, wearing a +0 ring mail and quivering stones (82% to hit)
The blast of sand misses the hobgoblin.
The hobgoblin closely misses you.
Aiming: Sandblast (safe; 5% risk of failure)
Press: ? - help, Q - select action, (/) - cycle Shift-Dir - straight line, f/p - hobgoblin
Aim: a hobgoblin, wielding a +0 club, wearing a +0 ring mail and quivering stones (82% to hit)
The blast of sand hits the hobgoblin but does no damage.
The hobgoblin hits you with a +0 club!
* * * LOW HITPOINT WARNING * * *
The hobgoblin throws a stone.
The stone closely misses you.
The hobgoblin throws a stone.
The stone hits you.
* * * LOW HITPOINT WARNING * * *
Aiming: Sandblast (safe; 5% risk of failure)
Press: ? - help, Q - select action, (/) - cycle Shift-Dir - straight line, f/p - hobgoblin
Aim: a hobgoblin, wielding a +0 club, wearing a +0 ring mail and quivering stones (82% to hit)
The blast of sand hits the hobgoblin.
The hobgoblin is moderately wounded.
Aiming: Sandblast (safe; 5% risk of failure)
Press: ? - help, Q - select action, (/) - cycle Shift-Dir - straight line, f/p - hobgoblin
Aim: a hobgoblin, wielding a +0 club, wearing a +0 ring mail and quivering stones (moderately wounded, 82% to hit)
The blast of sand hits the hobgoblin but does no damage.
The hobgoblin is moderately wounded.
Aiming: Sandblast (safe; 5% risk of failure)
Press: ? - help, Q - select action, (/) - cycle Shift-Dir - straight line, f/p - hobgoblin
Aim: a hobgoblin, wielding a +0 club, wearing a +0 ring mail and quivering stones (moderately wounded, 82% to hit)
The blast of sand hits the hobgoblin but does no damage.
The hobgoblin is moderately wounded.
The hobgoblin hits you with a +0 club!
You die...

........#.# ##.#### #..
..........# #...#######
.#####..######.#.#......
#..####...#...###'#
#.......#####.# #∩#
##.####...#...##### #.#
###.#........ #.#
#...#####.# #@# #####
#.. #g# ### ##.######.#
#.........# #..########
.### ..# #.#...8. .###


You could see a hobgoblin.

Vanquished Creatures
  Jessica (D:2)
  An adder (D:2)
  An orc (D:2)
  5 bats
  An endoplasm (D:3)
  A giant cockroach (D:2)
  4 goblins
  A hobgoblin (D:3)
  3 jackals (D:1)
  3 kobolds (D:1)
  3 quokkas
  6 ball pythons
  4 frilled lizards (D:1)
  2 rats
36 creatures vanquished.

Notes
Turn   | Place    | Note
-------+----------+-------------------------------------------
     0 | D:1      | SnakkuSnakku7 the Tengu Earth Elementalist began the quest
                  | for the Orb.
     0 | D:1      | Reached XP level 1. HP: 10/10 MP: 4/4
    43 | D:1      | Found Kisuqeos's Jewellery Emporium.
   256 | D:1      | Reached XP level 2. HP: 14/15 MP: 4/6
   911 | D:1      | Reached skill level 3 in Earth Magic
  1225 | D:2      | Found Luasohy's Antique Weapon Emporium.
  1237 | D:2      | Reached XP level 3. HP: 4/19 MP: 5/7
  1476 | D:2      | Found Kuotil's General Store.
  1512 | D:2      | Noticed Jessica
  1515 | D:2      | Noticed Terence
  1894 | D:2      | Reached skill level 1 in Crossbows
  1914 | D:2      | Killed Jessica
  1915 | D:2      | Reached XP level 4. HP: 20/24 MP: 4/8
  1967 | D:2      | Found Wiadgh's Jewellery Shop.
  2114 | D:3      | Noticed crazypyro's ghost (amateur MiFi)
  2176 | D:2      | Found Fypixupp's General Store.
  2262 | D:2      | Mangled by a hobgoblin

Illustrated notes

Levels and vault maps discovered:
D:1:      giann_bridges, layout_loops_corners, serial_shops, shop_statue
D:2:      layout_loops_ring, chequers_ecumenical_altar_simple_redux,
          serial_shops, shop, nicolae_shop_bloodbath_and_beyond,
          nicolae_square_shop, shop_statue, nicolae_shop_window_shopping,
          uniq_jessica, uniq_terence, uniq_sigmund
D:3:      layout_loops_cross, gammafunk_ghost_abyssal_escape

Skill      XL: |  1  2  3 |
---------------+----------+-----
Earth Magic    | 3 |  3.1
Crossbows      | 2 |  2.6
Dodging        | |  2.1
Stealth        | |  2.0
Spellcasting   | |  2.0
Transmutations | |  0.7

Action                   |  1- 3 |  4- 6 || total
-------------------------+-------+-------++-------
Melee: Unarmed           |    23 |       ||    23
       Kick              |    13 |     1 ||    14
       Peck              |     7 |     3 ||    10
       Short sword       |    29 |    12 ||    41
 Cast: Sandblast         |    19 |    13 ||    32
 Stab: Sleeping          |     5 |     1 ||     6
Armor: Robe              |    12 |       ||    12
Dodge: Dodged            |    42 |    13 ||    55
